Match 47193964
Unlisted

Match 47193964
End
Panzergrenadier Squad
Panzergrenadier Squad
250 Light Carrier
Construct Light Support Kompanie
Assault Grenadier Squad
Fire Support Elements
Panzerjäger Mechanized Group
Flakvierling Half-track
Selects Panzerjäger Kommand Battlegroup
Selects GrB 39 Grenade Launcher Requisition
Pak 38 Anti-tank Gun Team
Selects Mine Fields
2.5-tonne Medical Truck
le.IG 18 Support Gun Team
le.IG 18 Mechanized Group
Construct Mechanized Kompanie
Selects Defensive Positions
Selects Butterfly Bomb Drop
Butterfly Bomb Drop
Pak 38 Anti-tank Gun Team
Butterfly Bomb Drop
Assault Mechanized Group
254 Reconnaissance Tractor
Marder III Tank Destroyer
Butterfly Bomb Drop
2.5-tonne Medical Truck
Butterfly Bomb Drop
Selects Crew Shock Tactics
Selects Anti-tank Overwatch
2.5-tonne Medical Truck
Construct Panzerarmee Kommand
Armored Reserves
Anti-tank Overwatch
Tiger Heavy Tank
Panzerpioneer Squad
Panzerpioneer Squad
Mosaik
Chutney Mice
NooJ
_Totone_
0
0

Comments sign in to comment!

No comments posted yet!